 Dungeon Crawl Stone Soup version 0.28-a0-1485-g077359a4bf (webtiles) character file.

Game seed: 14410899978261886368

467977 Hasart the Scorcher (level 22, -12/181 HPs)
             Began as a Demigod Conjurer on Jan 11, 2022.
             Shot with a bolt by a yaktaur captain (19 damage)
             ... on level 5 of the Vaults on Jan 12, 2022.
             The game lasted 04:04:48 (54643 turns).

Hasart the Scorcher (Demigod Conjurer)             Turns: 54643, Time: 04:04:48

Health: -12/181    AC:  7    Str:  8    XL:     22   Next: 44%
Magic:  0/47       EV: 24    Int: 48    God:
Gold:   2718       SH: 12    Dex: 28    Spells: 11/50 levels left

rFire   + . .      SeeInvis +   a - +6 dagger of the Realm of Zot {vorpal, *Noise rElec rPois Dex+7}
rCold   + + .      Faith    .   A - +3 warlock's mirror {reflect}
rNeg    . . .      Spirit   .   S - +2 robe {rC+ rF+}
rPois   +          Reflect  +   D - +0 hat "Nyrec" {Will+ Regen+ Dex+4}
rElec   +          Harm     .   L - +0 cloak "Qopn" {rC+ Dex+5}
rCorr   .          Rampage  .   (no gloves)
Will    ++++.                   p - +1 pair of boots
Stlth   +++.......              v - amulet of magic regeneration
HPRegen 1.20/turn               P - ring of willpower
MPRegen 0.70/turn               F - ring of see invisible

@: very slightly contaminated, studying Long Blades
A: high mp 1, forlorn, divine attributes
}: 2/15 runes: serpentine, gossamer
a: no special abilities


You were on level 5 of the Vaults.
You visited 8 branches of the dungeon, and saw 40 of its levels.
You also visited: Gauntlet and Ice Cave.

You collected 4531 gold pieces.
You spent 1813 gold pieces at shops.

Inventory:

Hand Weapons
 a - the +6 dagger of the Realm of Zot (weapon) {vorpal, *Noise rElec rPois Dex+7}
   (You found it on level 4 of the Spider Nest)

   It inflicts extra damage upon your enemies.
   Dex:       It affects your dexterity (+7).
   rElec:     It insulates you from electricity.
   rPois:     It protects you from poison.
   *Noise:    It may make noises in combat.
 o - the +2 hand axe "Epiubro" {vorpal, rF+ rC+ Stlth+}
   (You bought it in a shop on level 2 of the Orcish Mines)

   It inflicts extra damage upon your enemies.
   rF:        It protects you from fire.
   rC:        It protects you from cold.
   Stlth:     It makes you more stealthy.
Missiles
 G - 3 throwing nets
Armour
 p - a +1 pair of boots (worn)
 A - the +3 warlock's mirror (worn) {reflect}
   (You took it off a deep elf death mage on level 3 of the Elven Halls)

   It can block and reflect piercing ranged attacks and magical attacks against
   the wielder's willpower.
 D - the +0 hat "Nyrec" (worn) {Will+ Regen+ Dex+4}
   (You found it in a Gauntlet)

   Dex:       It affects your dexterity (+4).
   Regen:     It increases your rate of health regeneration.
   Will:      It increases your willpower.
 L - the +0 cloak "Qopn" (worn) {rC+ Dex+5}
   (You found it in a Gauntlet)

   Dex:       It affects your dexterity (+5).
   rC:        It protects you from cold.
 N - +0 acid dragon scales
 S - a +2 robe of resistance (worn)
 Y - a +0 helmet of see invisible
 Z - the +3 robe of Clouds {*Thunder rCloud rElec}
   (You bought it in a shop on level 2 of the Orcish Mines)

   It occasionally creates storm clouds above nearby enemies.
   It grants its wearer immunity to clouds.
   rElec:     It insulates you from electricity.
Jewellery
 f - the ring of Democracy {Int+4 Slay+4 Stlth+}
   (You took it off a deep elf death mage on level 3 of the Elven Halls)

   [ring of slaying]

   Int:       It affects your intelligence (+4).
   Slay:      It affects your accuracy & damage with ranged weapons and melee
   (+4).
   Stlth:     It makes you more stealthy.
 i - a ring of protection from fire
 m - the ring "Butys" {rC+ Str+6}
   (You took it off a deep elf annihilator on level 3 of the Elven Halls)

   [ring of strength]

   Str:       It affects your strength (+6).
   rC:        It protects you from cold.
 v - an amulet of magic regeneration (around neck)
 z - a ring of poison resistance
 F - a ring of see invisible (right hand)
 H - the ring of Geopotoa {rC+ rN+ Dex-5 Stlth+}
   (You took it off a wizard on level 10 of the Dungeon)

   [ring of positive energy]

   Dex:       It affects your dexterity (-5).
   rC:        It protects you from cold.
   rN:        It protects you from negative energy.
   Stlth:     It makes you more stealthy.
 K - a +4 ring of evasion
 O - a ring of resist corrosion
 P - a ring of willpower (left hand)
 X - the amulet of Nefeelem {Regen+ Str+2}
   (You found it in an ice cave)

   [amulet of regeneration]

   Str:       It affects your strength (+2).
   Regen:     It increases your rate of health regeneration.
Wands
 B - a wand of paralysis (14)
 R - a wand of acid (7)
 T - a wand of digging (14)
 V - a wand of iceblast (6)
Scrolls
 b - a scroll of enchant weapon
 c - 9 scrolls of fear
 d - 16 scrolls of teleportation
 g - 17 scrolls of identify
 h - 9 scrolls of immolation
 k - 2 scrolls of silence
 t - 3 scrolls of summoning
 x - 4 scrolls of enchant armour
 y - 3 scrolls of blinking
 C - 2 scrolls of amnesia
 E - 4 scrolls of fog
 M - a scroll of holy word
 U - 2 scrolls of magic mapping
Potions
 e - 8 potions of heal wounds
 j - 6 potions of lignification
 l - 7 potions of attraction
 n - 3 potions of ambrosia
 q - 23 potions of curing
 r - 8 potions of brilliance
 s - 2 potions of magic
 u - 3 potions of invisibility
 w - 3 potions of flight
 I - a potion of cancellation
 J - 2 potions of resistance
 Q - 4 potions of haste
 W - 2 potions of might


   Skills:
 - Level 12.0 Fighting
 + Level 4.8 Armour
 - Level 12.0 Dodging
 - Level 1.7 Stealth
 + Level 11.1 Shields
 + Level 14.9 Spellcasting
 + Level 14.8 Conjurations
 - Level 12.0 Hexes
 + Level 20.2 Fire Magic
 + Level 4.9 Air Magic
 + Level 8.9 Earth Magic
 - Level 8.0 Evocations


You had 11 spell levels left.
You knew the following spells:

 Your Spells              Type           Power      Damage    Failure   Level
a - Fireball              Conj/Fire      58%        3d22      0%          5
b - Searing Ray           Conj           100%       2d8       0%          2
c - Fulminant Prism       Conj/Hex       52%        3d23      1%          4
d - Orb of Destruction    Conj           54%        9d16      1%          7
f - Enfeeble              Hex            50%        N/A       4%          7
q - Swiftness             Air            70%        N/A       1%          3
s - Stone Arrow           Conj/Erth      100%       3d13      0%          3
z - Ignition              Fire           62%        3d17      1%          8

Your spell library contained the following spells:

 Spells                   Type           Power      Damage    Failure   Level
 Magic Dart               Conj           100%       1d8       0%          1
 Slow                     Hex            100%       N/A       0%          1
 Confusing Touch          Hex            100%       N/A       0%          3
 Conjure Flame            Conj/Fire      100%       6-21      0%          3
 Dazzling Flash           Conj/Hex       100%       N/A       0%          3
 Inner Flame              Hex/Fire       100%       N/A       0%          3
 Tukima's Dance           Hex            100%       N/A       0%          3
 Flame Wave               Conj/Fire      100%       2d14      0%          4
 Sticky Flame             Conj/Fire      100%       2d11      0%          4
 Beastly Appendage        Tmut           70%        N/A       1%          1
 Freeze                   Ice            100%       1d11      1%          1
 Sandblast                Erth           100%       2d20      1%          1
 Corpse Rot               Necr/Air       100%       N/A       1%          2
 Ensorcelled Hibernation  Hex/Ice        100%       N/A       1%          2
 Passwall                 Tmut/Erth      56%        N/A       1%          2
 Sublimation of Blood     Necr           35%        N/A       1%          2
 Ignite Poison            Fire/Tmut/Pois 79%        N/A       1%          3
 Mephitic Cloud           Conj/Pois/Air  78%        N/A       1%          3
 Portal Projectile        Hex/Tloc       100%       N/A       1%          3
 Summon Guardian Golem    Hex/Summ       76%        N/A       1%          3
 Anguish                  Hex/Necr       38%        N/A       1%          4
 Cause Fear               Hex            50%        N/A       1%          4
 Hailstorm                Conj/Ice       82%        3d17      1%          4
 Iskenderun's Mystic Bla  Conj/Tloc      82%        2d16      1%          4
 Petrify                  Tmut/Erth      68%        N/A       1%          4
 Irradiate                Conj/Tmut      41%        3d27      1%          5
 Metabolic Englaciation   Hex/Ice        38%        N/A       1%          5
 Summon Mana Viper        Hex/Summ       76%        N/A       1%          5
 Yara's Violent Unravell  Hex/Tmut       38%        3d15      1%          5
 Starburst                Conj/Fire      58%        6d16      1%          6
 Frozen Ramparts          Ice            70%        1d9       2%          3
 Spider Form              Tmut/Pois      35%        N/A       2%          3
 Vampiric Draining        Necr           35%        2d8       2%          3
 Animate Dead             Necr           17%        N/A       8%          4
 Dispel Undead            Necr           35%        3d15      8%          4
 Ice Form                 Ice/Tmut       35%        N/A       8%          4
 Summon Ice Beast         Ice/Summ       35%        N/A       8%          4
 Statue Form              Tmut/Erth      45%        N/A       19%         6
 Agony                    Necr           35%        N/A       21%         5
 Alistair's Intoxication  Tmut/Pois      23%        N/A       21%         5
 Blade Hands              Tmut           17%        N/A       21%         5
 Spellforged Servitor     Conj/Summ      41%        N/A       30%         7
 Discord                  Hex            50%        N/A       34%         8
 Death Channel            Necr           17%        N/A       75%         6
 Dispersal                Tloc           17%        N/A       75%         6
 Eringya's Noxious Bog    Tmut/Pois      17%        N/A       75%         6
 Simulacrum               Ice/Necr       17%        N/A       75%         6
 Dragon Form              Tmut           17%        N/A       99%         7
 Monstrous Menagerie      Summ           17%        N/A       99%         7
 Borgnjor's Revivificati  Necr           17%        N/A       100%        8
 Disjunction              Tloc           17%        N/A       100%        8
 Death's Door             Necr           17%        N/A       100%        9


Dungeon Overview and Level Annotations

Branches:
Dungeon (15/15)            Temple (0/1) D:7            Lair (6/6) D:11
  Snake (4/4) Lair:4       Spider (4/4) Lair:3        Slime (0/5) Lair:5
    Orc (2/2) D:10            Elf (3/3) Orc:2        Vaults (5/5) D:14
  Crypt (0/3) Vaults:3     Depths (1/4) D:15          IceCv (visited)
Gauntlet (visited)

Shops:
D:11 *   D:13 (   D:14 *:   Orc:2 [(*[   Elf:3 ?[   Snake:4 :[   Vaults:1 [[:

Portals:
Trove: D:15 (give 6 scrolls of fear)

Annotations:
D:4 1 runed translucent door
D:8 1 runed translucent door, benappo's ghost, novice MiBe
Lair:4 2 transporters
Spider:2 1 runed translucent door, Luisad's ghost, adept DDBe
Elf:2 3 runed translucent doors
Vaults:1 2 transporters, Totups's ghost, adept DjVM


Innate Abilities, Weirdness & Mutations

You have an increased reservoir of magic. (+10% MP)
You shall have no god before yourself.
Your divine heritage dramatically boosts your attributes as you level up.


Message History

Unknown command.
The yaktaur captain shoots a bolt.
The bolt hits you!!
* * * LOW HITPOINT WARNING * * *
The yaktaur wields a +0 arbalest.
The yaktaur shoots a bolt.
The bolt completely misses you.
You see here a +0 hunting sling.
The yaktaur captain shoots a bolt.
The bolt hits you!!
* * * LOW HITPOINT WARNING * * *
You see here a potion of brilliance.
Unknown command.
You feel much better.
The yaktaur captain shoots a bolt.
The bolt misses you.
The yaktaur captain shoots a bolt.
The bolt completely misses you.
The yaktaur shoots a bolt.
You reflect the bolt off your +3 warlock's mirror {reflect}!
The bolt hits the yaktaur captain!
Unknown command.
Unknown command.
The yaktaur captain shoots a bolt.
You reflect the bolt off your +3 warlock's mirror {reflect}!
The bolt hits the yaktaur captain!
Unknown command.
Casting: Ignition (dangerous; 1% risk of failure)
Confirm with . or Enter, or press ? or * to list all spells.
You don't have enough magic to cast this spell.
The yaktaur captain shoots a bolt.
The bolt completely misses you.
The yaktaur shoots a bolt.
The bolt hits you!!
* * * LOW HITPOINT WARNING * * *
The yaktaur captain shoots a bolt.
The bolt completely misses you.
Unknown command.
Unknown command.
Unknown command.
Casting: Ignition (dangerous; 1% risk of failure)
Confirm with . or Enter, or press ? or * to list all spells.
Casting: Ignition (dangerous; 1% risk of failure)
Press: ? - help, Dir - look around, f - activate You miscast Ignition.
You are very lightly contaminated with residual magic.
Nothing appears to happen.
The yaktaur captain shoots a bolt.
The bolt hits you!!
You die...

# ...## # ###
##...# # #....(#
##....:##
###......:###
##.)........)####
.......#........
#!|.......}}#
#....c^@#
##(...!## #)...)#
##...## #..)#
#.).# #cc.# )...#
.....#


You could see 2 yaktaur captains and a yaktaur.

Vanquished Creatures
  A dread lich (Vaults:2)
  Vashnia (Snake:3)
  Saint Roka (Orc:2)
  Nikola (Spider:4)
  A golden dragon (IceCv)
  A tentacled monstrosity (Vaults:5)
  Rupert (D:14)
  A deep elf blademaster (Elf:3)
  2 deep elf master archers (Elf:3)
  A titan (Vaults:5)
  Asterion (Snake:3)
  A shadow dragon (Vaults:4)
  2 sphinxes
  Roxanne (Spider:4)
  6 nagarajas
  2 tengu reavers (Vaults:5)
  A fire giant (Vaults:2)
  4 emperor scorpions
  A frost giant (Vaults:4)
  6 deep elf sorcerers
  9 vault wardens
  6 deep elf elementalists (Elf:3)
  2 orc warlords
  5 ghost moths
  Aizul (Snake:3)
  11 very ugly things
  21 ironbound preservers
  5 ironbound thunderhulks
  4 broodmothers
  6 deep elf demonologists
  2 stone giants
  4 spark wasps (Spider:4)
  9 entropy weavers
  7 deep elf annihilators
  A minotaur (Gauntlet)
  Snorg (D:13)
  5 deep elf death magi (Elf:3)
  7 dire elephants
  2 crystal guardians
  3 ettins
  Josephine (Lair:5)
  A fire dragon (Lair:6)
  13 yaktaur captains
  2 great orbs of eyes
  6 deep elf high priests
  9 boulder beetles
  Fannar (D:10)
  32 vault guards
  3 peacekeepers
  5 ice dragons (IceCv)
  17 naga warriors
  5 hydras
  Erolcha (D:13)
  An ogre mage (Orc:2)
  A catoblepas (Lair:5)
  6 jorogumos
  6 centaur warriors
  16 anacondas
  8 ironbound frosthearts
  A death knight (D:13)
  18 dancing weapons
  7 two-headed ogres
  Erica (D:10)
  5 orc high priests
  11 shock serpents
  23 naga sharpshooters
  2 tengu warriors
  A titan zombie (Vaults:4)
  A deep troll earth mage (Vaults:5)
  Urug (D:10)
  11 skeletal warriors
  The ghost of alja1234 the Thaumaturge, a journeyman SpCj (Lair:1)
  11 deep elf knights
  7 pharaoh ants
  8 steelbarb worms
  3 sun moths
  2 salamander mystics (Snake:4)
  17 orb spiders
  63 deep trolls
  8 naga ritualists
  A swamp dragon (Lair:6)
  An orange crystal statue (IceCv)
  12 wizards
  Pikel (D:7)
  11 lindwurms
  8 deep elf archers
  A phantasmal warrior (Vaults:4)
  12 orc knights
  12 ironbound convokers
  A harpy (shapeshifter) (Elf:2)
  A human zombie (Vaults:3)
  2 tengu skeletons (Vaults:3)
  23 deep elf zephyrmancers
  4 necromancers
  14 mana vipers
  6 orc sorcerers
  A sphinx skeleton (Vaults:3)
  31 deep elf pyromancers
  A manticore (D:10)
  5 cyclopes
  9 salamanders
  40 ugly things
  37 wolf spiders
  2 stone giant skeletons (Vaults:3)
  13 vault sentinels
  9 guardian serpents
  3 moths of wrath
  2 frost giant skeletons
  18 naga magi
  Maurice (D:11)
  11 elephants (Lair:6)
  39 black mambas
  18 cane toads
  10 torpor snails
  6 storm dragon simulacra (IceCv)
  3 gargoyles
  3 freezing wraiths
  3 rime drakes
  A rime drake (shapeshifter) (Vaults:4)
  4 kobold demonologists
  2 unseen horrors
  10 demonic crawlers
  A yaktaur zombie (Vaults:4)
  7 komodo dragons
  31 yaktaurs
  5 golden dragon simulacra (IceCv)
  3 human skeletons (Vaults:3)
  3 meliai (Spider:1)
  A polar bear (Lair:3)
  5 trolls
  7 hornets
  A sphinx simulacrum (Vaults:4)
  12 slime creatures
  34 tarantellas
  32 blink frogs
  An ettin zombie (Vaults:3)
  10 dream sheep
  30 culicivoras
  An ettin skeleton (Vaults:3)
  8 wraiths
  The ghost of Hasart the Sneak, an amateur KoEn (D:4)
  6 air elementals
  16 wyverns
  A culicivora (shapeshifter) (D:14)
  3 shadows
  33 jumping spiders
  51 yaks
  6 water elementals
  2 fire elementals
  Eustachio (D:6)
  4 basilisks
  A human (shapeshifter) (Vaults:5)
  A yak (shapeshifter) (D:12)
  A warg (D:15)
  68 redbacks
  2 steam dragons
  7 vampire mosquitoes
  39 nagas
  7 acid dragons
  19 water moccasins
  3 small abominations (Gauntlet)
  2 ice beasts
  A floating eye (shapeshifter) (Vaults:3)
  4 ice dragon simulacra (IceCv)
  44 orc warriors
  A swamp drake (Lair:6)
  11 ogres
  2 sky beasts
  A black bear (D:11)
  A necrophage (D:5)
  6 boggarts
  4 lemures (D:7)
  A phantom (D:7)
  12 wolves
  15 centaurs
  7 kobold brigands
  10 bullfrogs
  A wyvern zombie (D:5)
  A gnoll sergeant (D:10)
  A human simulacrum (Vaults:4)
  3 scorpions
  A wyvern skeleton (D:7)
  A water moccasin skeleton (D:5)
  16 wights
  10 killer bees
  6 lindwurm simulacra (IceCv)
  4 howler monkeys
  An electric eel (D:15)
  8 centaur zombies
  4 hounds
  2 jellies (Lair:1)
  13 orc priests
  Jessica (D:2)
  13 iguanas
  A scorpion zombie (D:5)
  19 orc wizards
  A hound skeleton (D:4)
  8 gnolls
  A howler monkey skeleton (D:7)
  7 adders
  A river rat (D:4)
  A shadow imp (D:8)
  4 white imps
  An adder skeleton (D:4)
  3 worms
  73 orcs
  5 endoplasms
  4 giant cockroaches
  5 goblins
  8 hobgoblins
  4 jackals (D:2)
  2 quokkas (D:1)
  4 ball pythons
  4 bats
  3 frilled lizards
  41 kobolds
  2 rats (D:1)
  A fulminant prism (D:10)
1750 creatures vanquished.

Vanquished Creatures (others)
  A deep elf demonologist (Elf:3)
  2 water elementals (Elf:3)
  A boggart (Elf:1)
  A kobold (D:14)
  3 demonic plants (D:12)
  264 fulminant prisms
  53 fungi
  104 plants
  2 withered plants (D:8)
431 creatures vanquished.

Grand Total: 2181 creatures vanquished

Notes
Turn   | Place    | Note
-------+----------+-------------------------------------------
     0 | D:1      | Hasart the Demigod Conjurer began the quest for the Orb.
     0 | D:1      | Reached XP level 1. HP: 14/14 MP: 5/5
   438 | D:1      | Reached XP level 2. HP: 20/20 MP: 4/7
   441 | D:1      | Learned a level 2 spell: Searing Ray
  1116 | D:2      | Reached XP level 3. HP: 26/26 MP: 1/9
  1129 | D:2      | Noticed Jessica
  1142 | D:2      | Killed Jessica
  1880 | D:3      | Reached XP level 4. HP: 32/33 MP: 7/11
  2215 | D:3      | Learned a level 4 spell: Fulminant Prism
  3314 | D:4      | Found a runed translucent door.
  3319 | D:4      | Noticed Hasart's ghost (amateur KoEn)
  3327 | D:4      | Reached XP level 5. HP: 28/38 MP: 8/13
  3522 | D:4      | Found a runed translucent door.
  3606 | D:4      | Reached skill level 5 in Conjurations
  3606 | D:4      | Reached skill level 1 in Hexes
  3886 | D:4      | Killed Hasart's ghost
  3887 | D:4      | Reached XP level 6. HP: 32/45 MP: 1/15
  4045 | D:5      | Entered Level 5 of the Dungeon
  4045 | D:5      | Noticed a water moccasin
  4051 | D:5      | Killed a water moccasin
  4262 | D:5      | Reached XP level 7. HP: 50/50 MP: 11/17
  4619 | D:5      | Reached skill level 5 in Spellcasting
  5205 | D:5      | Reached XP level 8. HP: 49/57 MP: 13/19
  5591 | D:6      | Noticed Eustachio
  5598 | D:6      | Killed Eustachio
  5729 | D:6      | Reached skill level 5 in Hexes
  6419 | D:7      | Noticed Pikel
  6438 | D:7      | Killed Pikel
  6439 | D:7      | Reached XP level 9. HP: 55/62 MP: 14/23
  6542 | D:7      | Found a staircase to the Ecumenical Temple.
  7374 | D:8      | Identified the +3 buckler of Distant Shores {Drain Str+2
                  | Dex+2 Stlth+}
  7510 | D:8      | Learned a level 4 spell: Cause Fear
  7760 | D:8      | Reached skill level 1 in Fighting
  7842 | D:8      | Found a runed translucent door.
  7842 | D:8      | Noticed benappo's ghost (novice MiBe)
  7942 | D:8      | Reached skill level 1 in Shields
  7942 | D:8      | Reached XP level 10. HP: 36/71 MP: 19/25
  8547 | D:9      | Identified the +6 whip "Vutawn" {protect, Str+3}
  8653 | D:9      | Noticed a wizard
  8664 | D:9      | Killed a wizard
  9470 | D:10     | Entered Level 10 of the Dungeon
  9565 | D:10     | Identified the +1 leather armour of Sudosm {rPois Str+3
                  | Int-4 Slay+5}
  9606 | D:10     | Noticed a cyclops
  9606 | D:10     | Noticed Fannar
  9623 | D:10     | Killed Fannar
  9632 | D:10     | Killed a cyclops
  9886 | D:9      | Learned a level 6 spell: Starburst
  9930 | D:10     | Found a staircase to the Orcish Mines.
 10032 | D:10     | Noticed a two-headed ogre
 10205 | D:10     | Noticed a boulder beetle
 10250 | D:10     | Reached skill level 1 in Fire Magic
 10387 | D:10     | Noticed a manticore
 10393 | D:10     | Killed a manticore
 10394 | D:10     | Reached XP level 11. HP: 66/82 MP: 19/27
 10543 | D:10     | Reached skill level 2 in Fire Magic
 10546 | D:10     | Identified the +8 whip "Gilizxeg" {protect, rF+ Str-2
                  | Int+2}
 10550 | D:10     | Identified the ring of Geopotoa {rC+ rN+ Dex-5 Stlth+}
 10550 | D:10     | Noticed a wizard
 10555 | D:10     | Killed a wizard
 10849 | D:10     | Killed a two-headed ogre
 10850 | D:10     | Reached skill level 3 in Fire Magic
 10906 | D:10     | Noticed a boulder beetle
 10919 | D:10     | Killed a boulder beetle
 11104 | D:10     | Noticed a two-headed ogre
 11116 | D:10     | Killed a two-headed ogre
 11140 | D:10     | Noticed Urug
 11596 | D:10     | Killed a boulder beetle
 11597 | D:10     | Reached skill level 4 in Fire Magic
 11744 | D:10     | Noticed Erica
 11788 | Orc:1    | Entered Level 1 of the Orcish Mines
 11816 | Orc:1    | Reached skill level 10 in Conjurations
 11931 | D:10     | Learned a level 3 spell: Tukima's Dance
 12147 | Orc:2    | Entered Level 2 of the Orcish Mines
 12147 | Orc:2    | Found a staircase to the Elven Halls.
 12151 | Orc:2    | Noticed an orc knight
 12244 | Orc:1    | Killed an orc knight
 12245 | Orc:1    | Reached skill level 5 in Dodging
 12384 | Orc:2    | Noticed an orc knight
 12644 | D:11     | Reached skill level 5 in Fire Magic
 12654 | D:11     | Found Balaqit's Assorted Antiques.
 12660 | D:11     | Bought an encrusted hand axe for 240 gold pieces
 12660 | D:11     | Identified the +8 hand axe of the Hierophant {flame, rPois
                  | Str+3 Dex+4} (You bought it in a shop on level 11 of the
                  | Dungeon)
 12660 | D:11     | Bought a glowing helmet for 225 gold pieces
 12864 | D:11     | Reached skill level 5 in Fighting
 12864 | D:11     | Reached skill level 5 in Shields
 13084 | D:11     | Found a staircase to the Lair.
 13145 | Lair:1   | Entered Level 1 of the Lair of Beasts
 13174 | Lair:1   | Reached XP level 12. HP: 94/94 MP: 20/29
 13242 | Lair:1   | Reached skill level 6 in Fire Magic
 13377 | Lair:1   | Found a gate leading to a gauntlet.
 13542 | Lair:1   | Found a runed translucent gate.
 13542 | Lair:1   | Found a runed translucent gate.
 13543 | Lair:1   | Found a runed translucent gate.
 13545 | Lair:1   | Noticed alja1234's ghost (journeyman SpCj)
 13664 | Gauntlet | Entered a Gauntlet
 13664 | Gauntlet | Found a transporter.
 13671 | Gauntlet | Found a transporter.
 13673 | Gauntlet | Found a transporter.
 13696 | Gauntlet | Found a transporter.
 13698 | Gauntlet | Found a transporter.
 13712 | Gauntlet | Found a transporter.
 13723 | Gauntlet | Found a transporter.
 13732 | Gauntlet | Found a transporter.
 13736 | Gauntlet | Found a runed translucent door.
 13743 | Gauntlet | Found a transporter.
 13758 | Gauntlet | Found a transporter.
 13767 | Gauntlet | Found a transporter.
 13770 | Gauntlet | Found a transporter.
 13822 | Gauntlet | Identified the +6 trident of the Shore {drain, rElec Str+3}
 13837 | Gauntlet | Found a transporter.
 13883 | Gauntlet | HP: 2/95 [large abomination (29)]
 13888 | Gauntlet | Identified the +0 hat "Nyrec" {Will+ Regen+ Dex+4}
 14149 | Gauntlet | Noticed a minotaur
 14158 | Gauntlet | Killed a minotaur
 14159 | Gauntlet | Reached skill level 7 in Fire Magic
 14342 | Gauntlet | Identified the +0 cloak "Qopn" {rC+ Dex+5}
 14352 | Gauntlet | Got Imnemike's Volume of Freezing Dark Secrets
 14662 | Lair:1   | Killed alja1234's ghost
 15763 | Lair:3   | Reached skill level 1 in Evocations
 15958 | Lair:3   | Reached skill level 8 in Fire Magic
 15961 | Lair:3   | Reached XP level 13. HP: 103/103 MP: 15/31
 16163 | Lair:3   | Found a hole to the Spider Nest.
 16991 | Lair:4   | Found a transporter.
 17056 | Lair:4   | Found a staircase to the Snake Pit.
 17380 | Lair:4   | Found a transporter.
 17912 | Lair:5   | Reached skill level 10 in Spellcasting
 17914 | Lair:5   | Reached skill level 9 in Fire Magic
 18290 | Lair:5   | Noticed Josephine
 18295 | Lair:5   | Killed Josephine
 18757 | Lair:5   | Found a staircase to the Slime Pits.
 18902 | Lair:6   | Entered Level 6 of the Lair of Beasts
 19333 | Lair:6   | Reached XP level 14. HP: 110/114 MP: 18/33
 19484 | Lair:6   | Reached skill level 10 in Fire Magic
 20545 | Lair:6   | Reached skill level 5 in Evocations
 20600 | Lair:6   | Identified the +3 dagger "Atsaik" {antimagic, rElec Dex+8
                  | Stlth+}
 21107 | D:10     | Killed Urug
 21713 | Orc:2    | Found Deawkul's Assorted Antiques.
 21726 | Orc:2    | Reached skill level 11 in Fire Magic
 21726 | Orc:2    | Reached XP level 15. HP: 123/123 MP: 34/34
 21793 | Orc:2    | Found Ydaelye's Antique Armour Boutique.
 22153 | Orc:2    | Noticed Saint Roka
 22368 | D:10     | Killed Erica
 22796 | D:11     | Noticed Maurice
 22819 | D:11     | Killed Maurice
 22921 | D:11     | You fall into a shaft and drop 2 floors!
 23263 | D:13     | Identified the +7 long sword "Coshynaar" {vorpal, rF- rC+
                  | Will+}
 23336 | D:13     | Noticed Erolcha
 23339 | D:13     | Killed Erolcha
 23357 | D:13     | Identified the amulet "Xeiwosm Uqiwn" {Regen+ Dex+4}
 23429 | D:13     | Found Mekkal's Weapon Shop.
 23469 | D:13     | Noticed Snorg
 23475 | D:13     | Killed Snorg
 24381 | D:12     | Identified a scroll of acquirement
 24381 | D:12     | Acquired a book of Fire
 24389 | D:12     | Learned a level 5 spell: Fireball
 24398 | D:12     | Learned a level 8 spell: Ignition
 24483 | D:11     | Identified the +6 long sword of Resourcefulness {vorpal,
                  | Int+3}
 25017 | D:14     | Found a gate to the Vaults.
 25071 | D:14     | Reached XP level 16. HP: 72/132 MP: 18/36
 25093 | D:14     | Noticed Rupert
 25101 | D:14     | Killed Rupert
 25149 | D:14     | Found Kizxir Noba's Overcharged Wands.
 25315 | D:14     | Found Plog's Book Shoppe.
 25605 | D:14     | Reached skill level 12 in Fire Magic
 25605 | D:14     | Reached XP level 17. HP: 137/137 MP: 37/37
 25786 | D:15     | Entered Level 15 of the Dungeon
 26111 | D:15     | Reached skill level 10 in Dodging
 26683 | D:15     | Found a portal to a secret trove of treasure.
 26754 | D:15     | Found a staircase to the Depths.
 27156 | Spider:1 | Entered Level 1 of the Spider Nest
 27228 | Snake:1  | Entered Level 1 of the Snake Pit
 27375 | Snake:1  | Reached skill level 13 in Fire Magic
 28946 | Snake:2  | Reached skill level 14 in Fire Magic
 30010 | Snake:3  | Noticed Aizul
 30022 | Snake:3  | HP: 6/137 [Aizul/poison arrow (26)]
 30026 | Snake:3  | Killed Aizul
 30169 | Snake:3  | Reached skill level 15 in Fire Magic
 30184 | Snake:3  | Noticed Asterion
 30198 | Snake:3  | Killed Asterion
 30546 | Snake:3  | Noticed Vashnia
 30900 | Snake:3  | Reached skill level 16 in Fire Magic
 31005 | Snake:3  | Killed Vashnia
 31152 | Snake:3  | Reached XP level 18. HP: 145/145 MP: 27/39
 31337 | Snake:3  | Identified the +10 hand crossbow of Yredelemnul's Whim
                  | {freeze, rN+ Str-4 Dex+7}
 31453 | Snake:4  | Entered Level 4 of the Snake Pit
 31608 | Snake:4  | Found Kyss's Book Shoppe.
 31613 | Snake:4  | Found Xeofoi's Antique Armour Shoppe.
 31891 | Snake:4  | Reached skill level 17 in Fire Magic
 33369 | Snake:4  | Reached skill level 18 in Fire Magic
 33907 | Snake:4  | Got a serpentine rune of Zot
 35431 | Spider:2 | Found a frozen archway.
 35435 | IceCv    | Entered an ice cave
 35438 | IceCv    | Reached XP level 19. HP: 154/154 MP: 30/40
 36050 | IceCv    | Noticed a golden dragon
 36061 | IceCv    | Killed a golden dragon
 36149 | IceCv    | Identified the amulet of Nefeelem {Regen+ Str+2}
 36305 | Spider:2 | Found a runed translucent door.
 36305 | Spider:2 | Noticed Luisad's ghost (adept DDBe)
 36906 | Spider:2 | Learned a level 7 spell: Enfeeble
 37415 | Spider:3 | Reached skill level 10 in Fighting
 38044 | Spider:3 | Reached skill level 10 in Hexes
 38104 | Spider:3 | Reached skill level 10 in Shields
 39248 | Spider:4 | Entered Level 4 of the Spider Nest
 39249 | Spider:4 | Noticed Nikola
 39708 | Spider:4 | Identified Roxanne's Disquisition on Transformation
 39708 | Spider:4 | Noticed Roxanne
 40087 | Spider:4 | Killed Roxanne
 40117 | Spider:4 | Identified the +6 dagger of the Realm of Zot {vorpal,
                  | *Noise rElec rPois Dex+7}
 40149 | Spider:3 | Learned a level 3 spell: Stone Arrow
 40585 | Spider:4 | Killed Nikola
 40709 | Spider:4 | Reached skill level 1 in Earth Magic
 41367 | Spider:4 | Got a gossamer rune of Zot
 41880 | Orc:2    | Killed Saint Roka
 42143 | Orc:2    | Found Keef's Antique Armour Emporium.
 42149 | Orc:2    | Found Tufel's Antique Weapon Shoppe.
 42157 | Orc:2    | Bought an ancient leather armour for 189 gold pieces
 42157 | Orc:2    | Identified the +2 leather armour of the Evening {rPois}
                  | (You bought it in a shop on level 2 of the Orcish Mines)
 42164 | Orc:2    | Bought a translucent hand axe for 216 gold pieces
 42164 | Orc:2    | Identified the +2 hand axe "Epiubro" {vorpal, rF+ rC+
                  | Stlth+} (You bought it in a shop on level 2 of the Orcish
                  | Mines)
 42170 | Orc:2    | Bought the +3 robe of Clouds {*Thunder rCloud rElec} for
                  | 801 gold pieces
 42170 | Orc:2    | Found the +3 robe of Clouds {*Thunder rCloud rElec}
 42270 | Elf:1    | Entered Level 1 of the Elven Halls
 42746 | Elf:1    | Reached XP level 20. HP: 138/163 MP: 3/42
 43886 | Elf:2    | Found a runed translucent gate.
 43886 | Elf:2    | Found a runed translucent gate.
 43886 | Elf:2    | Found a runed translucent gate.
 43937 | Elf:3    | Entered Level 3 of the Elven Halls
 44386 | Elf:3    | Found Vovvakh's Antique Armour Emporium.
 45171 | Elf:3    | Reached skill level 19 in Fire Magic
 45310 | Elf:3    | Found Qauralod's Magic Scroll Shoppe.
 45323 | Elf:3    | Bought a scroll of blinking for 142 gold pieces
 45361 | Elf:3    | Identified the ring "Butys" {rC+ Str+6}
 45571 | Elf:3    | Identified the ring of Democracy {Int+4 Slay+4 Stlth+}
 45756 | Elf:3    | Identified the +8 rapier of Zoshrane {vorpal, Str+4}
 46215 | Elf:3    | Learned a level 3 spell: Swiftness
 46216 | Elf:3    | Got the Compendium of Evil
 46219 | Elf:3    | Got the Compendium of Sinister Arts
 46222 | Elf:3    | Got the Almanac of Unstable Unholy Magic
 46233 | Elf:3    | Got the Volume of Fiery Contamination
 46239 | Elf:3    | Got Riageukh's Volume of Hexes
 46871 | Depths:1 | Entered Level 1 of the Depths
 46877 | Depths:1 | Noticed a caustic shrike
 46879 | Depths:1 | Noticed a caustic shrike
 46955 | Vaults:1 | Entered Level 1 of the Vaults
 47077 | Vaults:1 | Identified the +8 tower shield of Vuamaom {-Cast rElec
                  | Regen+ Str+2}
 47155 | Vaults:1 | Reached skill level 5 in Earth Magic
 47160 | Vaults:1 | Found a transporter.
 47225 | Vaults:1 | Noticed Totups's ghost (adept DjVM)
 47231 | Vaults:1 | Noticed an ancient lich
 47260 | Vaults:1 | Found a transporter.
 47322 | Vaults:1 | Found Xurotos's Armour Emporium.
 47578 | Vaults:1 | Identified the +2 helmet "Ukylit" {Dex+5}
 47953 | Vaults:1 | Found Ycou's Book Boutique.
 48032 | Vaults:1 | Found Jeirgh's Antique Armour Boutique.
 48619 | Vaults:2 | Reached XP level 21. HP: 158/173 MP: 30/44
 49247 | Vaults:2 | Identified the +8 long sword "Spiderslayer" {flame, rElec
                  | Str+4}
 49270 | Vaults:2 | Noticed a dread lich
 49283 | Vaults:2 | Acquired a book of Dangerous Friends
 49295 | Vaults:2 | Learned a level 7 spell: Orb of Destruction
 50219 | Vaults:2 | Killed a dread lich
 50968 | Vaults:3 | Identified the +6 hand crossbow of the Boiling Point {elec,
                  | *Corrode Fly rPois rF+}
 50991 | Vaults:3 | Reached skill level 1 in Armour
 50991 | Vaults:3 | Reached skill level 1 in Air Magic
 51943 | Vaults:3 | Found a staircase to the Crypt.
 53289 | Vaults:4 | Reached skill level 20 in Fire Magic
 53361 | Vaults:4 | Reached XP level 22. HP: 181/181 MP: 41/46
 54499 | Vaults:5 | Entered Level 5 of the Vaults
 54620 | Vaults:5 | Identified the amulet of Uthughuch {RegenMP *Slow rN+++
                  | Int-5 SInv}
 54620 | Vaults:5 | Noticed an ancient lich
 54642 | Vaults:5 | HP: 5/181 [yaktaur/bolt[a yaktaur captain] (25)]
 54643 | Vaults:5 | Shot with a bolt by a yaktaur captain

Illustrated notes

Levels and vault maps discovered:
D:1:      eino_arrival_tree_alley, layout_rooms
D:2:      layout_loops_ring, hellmonk_ecumenical_altar_run_dry, uniq_jessica
D:3:      layout_loops_corners
D:4:      layout_rooms, overflow_temple_1_default, ebering_ghost_sewer_f
D:5:      layout_rooms, general_overflow_altar, minmay_increasing_density
D:6:      layout_basic, tso_oasis_becter, mainiacjoe_overflow_paths,
          mainiacjoe_overflow_alcove_4, uniq_eustachio
D:7:      layout_loops_cross, kennysheep_mini,
          minmay_temple_entry_statues_pillars, uniq_pikel
D:8:      layout_loops_ring, gammafunk_ghost_grave, dk_noncrumbling_2
D:9:      layout_gridville
D:10:     minmay_the_grid_square_5x5_3x3 [minmay_the_grid_square_5x5_eight,
          minmay_the_grid_square_5x5_z, minmay_the_grid_square_5x5_dogpile,
          minmay_the_grid_square_5x5_inset,
          minmay_the_grid_square_5x5_megaprize_crossed,
          minmay_the_grid_square_5x5_v, minmay_the_grid_square_5x5_two_small,
          minmay_the_grid_square_5x5_longway,
          minmay_the_grid_square_5x5_one_wall], layout_irregular_city,
          orc_0_dummy, serial_co_window_serial, co_window_paths_b,
          co_window_paths_b, co_window_corner_a, co_window_corner_a,
          co_window_corner_a, co_window_unsneaky_path_d,
          co_window_unsneaky_path_e, co_window_of_opportunity_b,
          co_window_paths_d, glass_columns_c, glass_columns_b, glass_columns_c,
          uniq_fannar, uniq_urug, uniq_erica
D:11:     layout_basic, grunt_lair_entry_orc_guard_hut, serial_shops,
          nicolae_shop_temple_entry_statues_fountains, serial_aquarium,
          aquarium_bridge_square [aquarium_subvault_bridge,
          aquarium_subvault_wall, aquarium_subvault_bridge,
          aquarium_subvault_window], aquarium_bridge_square
          [aquarium_subvault_bridge, aquarium_subvault_bridge,
          aquarium_subvault_window, aquarium_subvault_wall], aquarium_window_2,
          aquarium_window_corridor_3, aquarium_view_2c, aquarium_pool_four,
          uniq_maurice
D:12:     kennysheep_kobold_lugonu_temple, layout_irregular_city, st_stairs_11
D:13:     layout_roguey, serial_shops, shop, due_unseen_surprise, uniq_erolcha,
          uniq_snorg
D:14:     layout_basic, hangedman_vaults_entry_quadrant_bands, serial_shops,
          shop_coins, grunt_decor_resistance, nicolae_shop_overcharged_wands,
          uniq_rupert
D:15:     hangedman_depths_entry_civil_slaughter, layout_basic, minivault_4,
          enter_trove_2
Lair:1:   layout_gridlike, gauntlet_entry_generic, gammafunk_ghost_ooze
Lair:2:   hellmonk_warped_wall, layout_cave_pods, grunt_megastairs_3
Lair:3:   layout_regular_city, dummy_spider_entry, nzn_sisyphean_effort
Lair:4:   gammafunk_cloud_chamber, layout_small_grid,
          minmay_snake_entry_guardpost_medium, minmay_stone_trees_medium
Lair:5:   layout_loops_ring, dpeg_slime_entry_enclosed_altar,
          nzn_masters_of_martial_movement, grunt_megastairs_2, uniq_josephine
Lair:6:   hangedman_lair_tendril_chambers, layout_cave_pods,
          guppyfry_lair_end_dragon
Snake:1:  layout_layer_cave
Snake:2:  layout_honeycomb
Snake:3:  layout_rooms, nrook_guardian_serpent_double, uniq_aizul,
          uniq_asterion, uniq_vashnia
Snake:4:  grunt_snake_rune_serpentine_throne, layout_onion_interference,
          nicolae_snake_coiling_death, minmay_shop_star
Spider:1: layout_spider_delve, nicolae_spider_bug_shape
Spider:2: layout_spider_delve, ebering_ghost_reflecting_pool,
          portal_ice_cave_entry_pillars_2, nicolae_spider_webbed_stairs
Spider:3: nicolae_spider_hilbert_zone_2 [nicolae_spider_hilbert_4_sides_1_open,
          nicolae_spider_hilbert_4_sides_1_open,
          nicolae_spider_hilbert_4_sides_1_open,
          nicolae_spider_hilbert_4_sides_1_open,
          nicolae_spider_hilbert_6_sides_1_open,
          nicolae_spider_hilbert_6_sides_1_open,
          nicolae_spider_hilbert_3_sides_1_open,
          nicolae_spider_hilbert_3_sides_1_open,
          nicolae_spider_hilbert_3_sides_1_open,
          nicolae_spider_hilbert_3_sides_1_open,
          nicolae_spider_hilbert_6_sides_1_open,
          nicolae_spider_hilbert_6_sides_1_open,
          nicolae_spider_hilbert_6_sides_1_open,
          nicolae_spider_hilbert_6_sides_1_open]
Spider:4: spider_rune_water, uniq_nikola, uniq_roxanne
Orc:1:    layout_caves
Orc:2:    grunt_orc_community_town_hall, layout_diamond_mine,
          grunt_orc_community_big_house_1, grunt_orc_community_big_house_2,
          grunt_orc_community_house_1, grunt_orc_community_house_2,
          grunt_orc_community_house_2, grunt_orc_community_house_2
Elf:1:    nicolae_elf_arrival_no_cutting_in_line, layout_geoelf_diagonals,
          hangedman_elf_disciples, drop_trap
Elf:2:    nicolae_elf_blades_splatter_lattice [nicolae_blade_entry_antechamber],
          layout_geoelf_grid
Elf:3:    minmay_elf_hall_curves, layout_geoelf_octagon, serial_shops, shop,
          nicolae_shop_advertising_works [nicolae_subvault_shop_adworks],
          nicolae_elf_altarnating, grunt_megastairs_1
Vaults:1: gammafunk_ghost_mausoleum, vaults_room_pools,
          ontoclasm_vaults_loading_screen, nicolae_vaults_little_squares_1,
          nicolae_vaults_fighting_squares, hangedman_vaults_restitches,
          nicolae_vaults_little_ls, v_misc_24, v_alt_pattern_1,
          layout_vaults_big_cross, serial_shops, nicolae_shop_behind_doors,
          shop, nicolae_shop_trees, uniq_saint_roka
Vaults:2: nicolae_vaults_yaktaur_gun_rack, ontoclasm_vaults_ring_square,
          vaults_room_door_hall, hangedman_vaults_slice,
          vaults_room_hangedman_quadrants, hangedman_vaults_trim,
          hangedman_vaults_pinch, nicolae_vaults_little_squares_6,
          layout_vaults_quadrants
Vaults:3: hangedman_vaults_capsules, nicolae_vaults_border_crossing,
          nicolae_vaults_circle_grid_b, vaults_room_fours,
          nicolae_vaults_stairing_the_circle,
          minmay_crypt_entry_skeletal_spiral, nicolae_vaults_asterisk,
          hangedman_vaults_cutoff, vaults_room_hallway, vaults_room_corners,
          vaults_room_pools, vaults_room_semicircle, vaults_room_ringed_pool,
          nicolae_vaults_theta, v_alt_pattern_1, layout_vaults_maze
Vaults:4: v_pattern_3, hangedman_vaults_river_flow, v_misc_18,
          nicolae_vaults_octagons, vaults_dpeg_ring, ontoclasm_vaults_shuriken,
          v_misc_16, vaults_room_large_hall, v_misc_3, v_misc_22, v_misc_31,
          vaults_room_grunt_arrival_ludios, vaults_dpeg_diagonal,
          layout_vaults_ring
Vaults:5: serial_shops
Depths:1: layout_cave_shapes, hangedman_geh_valley, minmay_misc_feat_iff,
          rand_demon_pan_entry_3, serial_shops, nicolae_shop_window_shopping,
          corexii_leaking_fountain, minmay_large_rounded_square,
          nrook_loot_triangle, serial_bayou_crossing, serial_bayou_shore_b,
          uniq_mara

Skill      XL: |  1  2  3  4  5  6  7  8  9 10 11 12 13 14 15 16 17 18 19 20 21 22 |
---------------+-------------------------------------------------------------------+-----
Spellcasting   | 2 3 4 5 6 7 8 9 10 11 12 13 14 | 14.9
Conjurations   | 4 5 6 8 9 10 11 12 13 14 | 14.8
Hexes          | 2 4 6 7 8 9 10 11 12 | 12.0
Dodging        | 2 4 5 6 7 8 9 10 11 12 | 12.0
Fighting       | 1 3 5 6 7 8 9 10 11 12 | 12.0
Shields        | 1 3 5 6 7 8 9 10 11 | 11.1
Fire Magic     | 1 5 8 9 11 12 16 18 19 20 | 20.2
Evocations     | 1 4 5 6 7 8 |  8.0
Earth Magic    | 2 5 8 |  8.9
Armour         | 3 4 |  4.8
Air Magic      | 3 4 |  4.9
Stealth        | |  1.7

Action                   |  1- 3 |  4- 6 |  7- 9 | 10-12 | 13-15 | 16-18 | 19-21 | 22-24 || total
-------------------------+-------+-------+-------+-------+-------+-------+-------+-------++-------
Melee: War axe           |       |     4 |     7 |     5 |       |       |       |       ||    16
       Whip              |       |       |       |    82 |   142 |    52 |    33 |       ||   309
       Dagger            |       |       |       |       |       |       |    75 |    19 ||    94
 Cast: Magic Dart        |    24 |       |       |     2 |       |       |       |       ||    26
       Searing Ray       |    22 |    28 |    64 |    77 |    30 |    15 |       |       ||   236
       Fulminant Prism   |       |     2 |    16 |   120 |    65 |    34 |    28 |       ||   265
       Cause Fear        |       |       |       |     7 |       |       |       |       ||     7
       Starburst         |       |       |       |    32 |   191 |    45 |    21 |       ||   289
       Fireball          |       |       |       |       |    21 |   421 |   544 |    33 ||  1019
       Ignition          |       |       |       |       |       |    46 |   159 |    20 ||   225
       Stone Arrow       |       |       |       |       |       |       |   239 |    17 ||   256
       Enfeeble          |       |       |       |       |       |       |     8 |       ||     8
       Orb of Destructio |       |       |       |       |       |       |    31 |     8 ||    39
       Swiftness         |       |       |       |       |       |       |     1 |       ||     1
Evoke: Wand              |       |       |       |     1 |       |     8 |     9 |       ||    18
  Use: Scroll            |       |       |    14 |     5 |    10 |     3 |     9 |     2 ||    43
       Potion            |       |       |       |     2 |     1 |     4 |       |     3 ||    10
 Stab: Sleeping          |       |     1 |       |       |     2 |     1 |     1 |       ||     5
       Distracted        |       |       |       |       |     1 |       |       |     1 ||     2
       Invisible         |       |       |       |       |       |       |     3 |       ||     3
Armor: Robe              |     5 |     9 |    22 |       |    17 |    34 |    55 |     4 ||   146
       Steam dragon scal |       |       |       |    92 |    42 |       |       |       ||   134
Dodge: Dodged            |    16 |    20 |    66 |   192 |   167 |   219 |   308 |    56 ||  1044
Block: Buckler           |       |       |       |   103 |   150 |   158 |   206 |    32 ||   649
       Reflection        |       |       |       |       |       |       |    35 |     9 ||    44

Table legend: (Time is in decaauts)
 A = Elapsed time spent in this place.
 B = Non-inter-level travel time spent in this place.
 C = Inter-level travel time spent in this place.
 D = Time resting spent in this place.
 E = Time spent auto-exploring this place.
 F = Levels seen in this place.
 G = Mean time per level.
                   A        B        C        D        E       F      G
               +--------+--------+--------+--------+--------+-----+--------+
         Total |  54839 |  52311 |   2528 |  11893 |  29629 |  42 | 1305.7 |
       Dungeon |  17666 |  16660 |   1006 |   2908 |  11073 |  15 | 1177.7 |
          Lair |   7949 |   7313 |    636 |   1139 |   4534 |   6 | 1324.8 |
     Snake Pit |   6920 |   6720 |    200 |   1734 |   3588 |   4 | 1730.0 |
   Spider Nest |   6302 |   6049 |    253 |   2457 |   2403 |   4 | 1575.5 |
  Orcish Mines |   2377 |   2256 |    121 |    660 |    881 |   2 | 1188.5 |
   Elven Halls |   4424 |   4264 |    160 |   1011 |   2129 |   3 | 1474.7 |
        Vaults |   7692 |   7544 |    148 |   1304 |   4755 |   5 | 1538.4 |
        Depths |      9 |      9 |      0 |      0 |      0 |   1 |    9.0 |
      Ice Cave |    779 |    779 |      0 |    245 |    251 |   1 |  779.0 |
      Gauntlet |    717 |    717 |      0 |    435 |     13 |   1 |  717.0 |
               +--------+--------+--------+--------+--------+-----+--------+

Top non-repeatable levels by time:
Spider:3: 2848 daAuts
   Elf:3: 2659 daAuts
 Snake:4: 2431 daAuts
Vaults:4: 2343 daAuts
     D:9: 2021 daAuts
  Lair:6: 1987 daAuts
    D:10: 1976 daAuts
Vaults:2: 1875 daAuts
Vaults:3: 1775 daAuts
Vaults:1: 1616 daAuts
Spider:4: 1609 daAuts
  Lair:3: 1542 daAuts
 Snake:1: 1526 daAuts
 Snake:2: 1516 daAuts
 Snake:3: 1445 daAuts
